 Dungeon Crawl Stone Soup version 0.26-a0-613-g4f23886233 (webtiles) character file.

Game seed: 8840332331745138923

826 KristoblXynda the Conjurer (level 7, 0/59 HPs)
             Began as a Troll Hedge Wizard on Sept 11, 2020.
             Was an Initiate of Ashenzari.
             Succumbed to a worker ant's poison
             ... on level 4 of the Dungeon.
             The game lasted 00:06:40 (3608 turns).

KristoblXynda the Conjurer (Troll Hedge Wizard)     Turns: 3608, Time: 00:06:41

Health: 0/59       AC:  6    Str: 19    XL:     7   Next: 64%
Magic:  8/9        EV: 10    Int: 11    God:    Ashenzari [......]
Gold:   205        SH:  0    Dex: 10    Spells: 6/10 levels left

rFire    . . .     SeeInvis .     - Unarmed
rCold    . . .     Faith    .   (no shield)
rNeg     . . .     Spirit   .   b - +0 robe
rPois    .         Reflect  .   c - +0 hat
rElec    .         Harm     .   n - scarf {repulsion}
rCorr    .                      (gloves unavailable)
MR       .....                  (boots unavailable)
Stlth    +.........             (no amulet)
HPRegen  0.59/turn              (no ring)
MPRegen  0.11/turn              (no ring)

@: mighty, lethally poisoned (0 -> -14), repel missiles
A: large, unfitting armour, claws 3, regeneration 1, shaggy fur 1, tough skin 3
a: Curse Item, Renounce Religion


You were on level 4 of the Dungeon.
You worshipped Ashenzari.
Ashenzari was noncommittal.
You visited 1 branch of the dungeon, and saw 4 of its levels.

You collected 205 gold pieces.

Inventory:

Armour
 b - a +0 robe (worn)
 c - a +0 hat (worn)
 n - a scarf of repulsion (worn)
 t - a +0 kite shield
Wands
 a - a wand of disintegration (11)
Scrolls
 g - a scroll of enchant armour {unknown}
 j - a scroll of amnesia {unknown}
 l - a scroll of fear {unknown}
 m - a scroll of blinking {unknown}
 o - a scroll of magic mapping {unknown}
 p - a scroll of teleportation {unknown}
 s - a scroll of noise {unknown}
Potions
 d - 2 potions of cancellation
 e - a potion of brilliance
 f - a potion of mutation
 h - a potion of stabbing
 i - 2 potions of magic
 q - a potion of might
 r - a potion of haste


   Skills:
   Level 0.0 Short Blades
 + Level 2.9 Dodging
 - Level 1.0 Stealth
 + Level 2.7 Unarmed Combat
 - Level 2.0 Spellcasting
 + Level 5.6 Conjurations
   Level 0.6 Summonings
   Level 0.6 Translocations


You had 6 spell levels left.
You knew the following spells:

 Your Spells              Type           Power        Failure   Level
a - Magic Dart            Conj           ##..         3%          1
b - Mephitic Cloud        Conj/Pois/Air  #.......     38%         3

Your spell library contained the following spells:

 Spells                   Type           Power        Failure   Level
 Shock                    Conj/Air       #...         10%         1
 Conjure Flame            Conj/Fire      #.......     28%         3
 Static Discharge         Conj/Air       #.......     28%         3
 Blink                    Tloc           N/A          34%         2
 Call Imp                 Summ           #.......     34%         2
 Slow                     Hex            #.......     41%         2
 Swiftness                Air            #.......     41%         2
 Lightning Bolt           Conj/Air       #.........   95%         5
 Airstrike                Air            #.........   96%         4


Dungeon Overview and Level Annotations

Branches:
Dungeon (4/15)
 Temple: D:4-7

Altars:
Ashenzari
Gozag
Nemelex Xobeh
Uskayaw


Innate Abilities, Weirdness & Mutations

You are too large for most types of armour.
You have claws for hands.
Your natural rate of healing is unusually fast.
You are covered in fur. (AC +1)
You have extremely tough skin. (AC +3)


Message History

* * * LOW HITPOINT WARNING * * *
You feel very sick. The worker ant bites you.
* * * LOW HITPOINT WARNING * * *
Unknown command.
You feel very mighty all of a sudden.
* * * LOW HITPOINT WARNING * * *
You feel very sick. The worker ant bites you.
* * * LOW HITPOINT WARNING * * *
The worker ant bites you.
* * * LOW HITPOINT WARNING * * *
You claw the worker ant!
You kill the worker ant!
* * * LOW HITPOINT WARNING * * *
You feel very sick.
* * * LOW HITPOINT WARNING * * *
You feel sick.
You see here a worker ant corpse.
You die...

.........# ########.# # #.#
########.# .......#.#
###############
#......#.###.............#######
##.##............#######.<.....#
#........###.###†# #######.#
.####..#.###.# #@# #.# .#
#.....##.# #.# #.# .# ##.##.#..#
..# #.# .#####.##.#.###.## #.#
.......##.#.# #. #.#
.......##.#.# #. ##.##
#####..##.#.# #. ######[#># #
#.(##.#.# #. #.....###. #
#..##.#.# #.####.#.#


There were no monsters in sight!

Vanquished Creatures
  Eustachio (D:4)
  The ghost of anKLM the Ruffian, an amateur VSTm (D:3)
  A scorpion (D:3)
  A howler monkey (D:4)
  4 orc priests (D:4)
  2 centaur skeletons (D:4)
  4 worker ants (D:4)
  An orc wizard (D:4)
  7 adders
  An ooze (D:2)
  2 adder skeletons
  3 worms (D:2)
  2 dart slugs
  5 leopard geckos
  18 orcs
  4 giant cockroaches
  5 hobgoblins
  6 jackals
  13 kobolds
  2 quokkas (D:2)
  A ball python (D:4)
  13 bats
  5 frilled lizards
  5 goblins
  12 rats
119 creatures vanquished.

Vanquished Creatures (others)
  An adder (D:4)
1 creature vanquished.

Grand Total: 120 creatures vanquished

Notes
Turn   | Place    | Note
-------+----------+-------------------------------------------
     0 | D:1      | KristoblXynda the Troll Hedge Wizard began the quest for
                  | the Orb.
     0 | D:1      | Reached XP level 1. HP: 16/16 MP: 2/2
    11 | D:1      | Reached skill level 1 in Conjurations
   129 | D:1      | Reached XP level 2. HP: 16/24 MP: 4/4
   497 | D:1      | Reached skill level 2 in Conjurations
   593 | D:1      | Reached XP level 3. HP: 31/31 MP: 5/5
   941 | D:2      | Found a faded altar of an unknown god.
   971 | D:2      | Found an opulent altar of Gozag.
  1013 | D:2      | Reached XP level 4. HP: 6/39 MP: 6/6
  1135 | D:2      | Reached skill level 3 in Conjurations
  1314 | D:2      | Found a hide-covered altar of Uskayaw.
  1882 | D:3      | Reached XP level 5. HP: 35/45 MP: 7/7
  1941 | D:3      | Reached skill level 4 in Conjurations
  2202 | D:3      | Found a large runed translucent door.
  2204 | D:3      | Found a large runed translucent door.
  2207 | D:3      | Noticed anKLM's ghost (amateur VSTm)
  2320 | D:3      | Found a sparkling altar of Nemelex Xobeh.
  2540 | D:3      | Killed anKLM's ghost
  2540 | D:3      | Reached XP level 6. HP: 29/53 MP: 8/8
  2765 | D:4      | HP: 2/53 [orc priest/+2 vorpal mace (1)]
  2768 | D:4      | Reached skill level 5 in Conjurations
  2848 | D:4      | Learned a level 3 spell: Mephitic Cloud
  2851 | D:4      | Found a shattered altar of Ashenzari.
  2852 | D:4      | Noticed Eustachio
  2867 | D:4      | Killed Eustachio
  2867 | D:4      | Reached skill level 1 in Unarmed Combat
  2867 | D:4      | Reached XP level 7. HP: 52/59 MP: 9/9
  2887 | D:4      | Became a worshipper of Ashenzari the Shackled
  3607 | D:4      | HP: 2/59 [poisoned by a worker ant]
  3608 | D:4      | Succumbed to a worker ant's poison

Illustrated notes

Levels and vault maps discovered:
D:1:      erik_arrival_blinker_ship, layout_loops_ring, hangedman_decor_push
D:2:      layout_basic, nicolae_overflow_crystal_walls,
          overflow_temple_1_default, chequers_ecumenical_altar_simple,
          minmay_small_reverse_x
D:3:      layout_loops_ring, nemelex_xobeh_ov_fountains_minmay,
          ebering_ghost_disaster_area, corexii_hall_statues_x
D:4:      layout_loops_ring, cheibrodos_ashenzari_chains, minmay_checkerbox,
          uniq_eustachio

Skill      XL: |  1  2  3  4  5  6  7 |
---------------+----------------------+-----
Conjurations   | 1 2 3 4 5 |  5.6
Dodging        | 2 |  2.9
Unarmed Combat | 1 2 |  2.7
Stealth        | |  1.0
Spellcasting   | |  2.0
Summonings     | |  0.6
Translocations | |  0.6

Action                   |  1- 3 |  4- 6 |  7- 9 || total
-------------------------+-------+-------+-------++-------
Melee: Unarmed           |   167 |   203 |   106 ||   476
       Punch             |       |       |     1 ||     1
 Cast: Magic Dart        |       |     1 |     1 ||     2
  Use: Scroll            |       |     5 |     3 ||     8
       Potion            |       |     3 |     1 ||     4
 Stab: Sleeping          |     3 |       |       ||     3
       Invisible         |       |     4 |       ||     4
Armor: Robe              |    75 |    87 |    17 ||   179
Dodge: Dodged            |    82 |   129 |    38 ||   249

Table legend: (Time is in decaauts)
 A = Elapsed time spent in this place.
 B = Non-inter-level travel time spent in this place.
 C = Inter-level travel time spent in this place.
 D = Time resting spent in this place.
 E = Time spent auto-exploring this place.
 F = Levels seen in this place.
 G = Mean time per level.
                   A        B        C        D        E       F      G
               +--------+--------+--------+--------+--------+-----+--------+
         Total |   3602 |   3559 |     43 |    756 |   1708 |   4 |  900.5 |
       Dungeon |   3602 |   3559 |     43 |    756 |   1708 |   4 |  900.5 |
               +--------+--------+--------+--------+--------+-----+--------+

Top non-repeatable levels by time:
     D:3: 1192 daAuts
     D:4: 878 daAuts
     D:2: 793 daAuts
     D:1: 739 daAuts
